Map: [ESL] Stargazers

Players

ShoWTimE - Winner!

  • Race: Protoss Protoss
  • League: Master
  • Spawn Location: 11:00

Spirit (souL)

  • Race: Terran Terran
  • League: Master
  • Spawn Location: 1:00

VOD

Have the link to the VOD?

Description

Time

  • Played on: Oct. 23, 2022, 10:04 p.m.
  • Length: 10:50
Show
View Real Time Build Order
Export as new Build Order

ShoWTimE Protoss - Winner!

Build Orders: 1 Gate Expand, Oracle Opening 

Get SALT Encoding   

  12  0:00  Probe  
  13  0:12  Probe  
  14  0:17  Pylon  
  14  0:24  Probe  
  15  0:35  Gateway  
  15  0:36  Probe (Chrono Boost)  
  16  0:46  Assimilator  
  16  0:47  Probe (Chrono Boost)  
  17  0:52  Probe (Chrono Boost)  
  18  1:03  Probe  
  19  1:15  Probe  
  20  1:20  Nexus  
  20  1:30  Cybernetics Core  
  20  1:33  Probe  
  20  1:38  Assimilator  
  21  1:45  Probe  
  22  1:49  Pylon  
  22  1:57  Probe  
  23  2:04  Adept (Chrono Boost)  
  25  2:10  Probe  
  25  2:14  Stargate  
  26  2:22  Probe (Chrono Boost)  
  27  2:27  Adept  
  29  2:30  Warp Gate  
  29  2:32  Probe (Chrono Boost)  
  31  2:40  Probe (Chrono Boost)  
  31  2:42  Probe (Chrono Boost)  
  32  2:46  Probe (Chrono Boost)  
  32  2:47  Probe (Chrono Boost)  
  34  2:56  Oracle (Chrono Boost)  
  34  2:58  Probe  
  38  2:59  Probe  
  38  3:01  Adept  
  41  3:08  Pylon  
  41  3:10  Probe  
  41  3:11  Probe  
  43  3:22  Gateway, Probe  
  43  3:23  Probe  
  43  3:27  Oracle (Chrono Boost)  
  45  3:30  Assimilator  
  45  3:33  Adept  
  50  3:34  Probe  
  50  3:36  Probe  
  50  3:40  Pylon  
  52  3:46  Probe  
  52  3:48  Probe  
  54  3:58  Probe  
  54  4:00  Probe  
  54  4:01  Nexus  
  56  4:08  Pylon  
  56  4:10  Probe, Assimilator  
  56  4:12  Probe  
  56  4:15  Robotics Facility  
  58  4:23  Twilight Council, Probe  
  59  4:24  Probe  
  60  4:32  Gateway  
  60  4:34  Sentry  
  60  4:35  Probe  
  60  4:36  Probe, Gateway  
  64  4:39  Sentry  
  66  4:47  Probe  
  66  4:48  Probe, Gateway  
  68  4:53  Pylon  
  68  4:55  Charge (Chrono Boost)  
  70  5:04  Probe  
  70  5:05  Probe  
  70  5:07  Robotics Bay  
  70  5:11  Observer (Chrono Boost)  
  70  5:13  Probe  
  72  5:16  Phoenix, Probe  
  72  5:18  Probe  
  76  5:24  Shield Battery  
  76  5:25  Probe  
  77  5:28  Probe  
  77  5:30  Immortal (Chrono Boost), Probe  
  77  5:31  Pylon  
  83  5:40  Stalker  
  83  5:41  Phoenix  
  83  5:42  Probe  
  88  5:48  Zealot x2  
  88  5:49  Pylon  
  92  5:50  Zealot  
  92  5:53  Zealot  
  92  6:05  Zealot  
  92  6:06  Phoenix, Colossus (Chrono Boost)  
  92  6:08  Pylon  
  102  6:16  Probe x2, Pylon  
  103  6:20  Extended Thermal Lance  
  103  6:27  Probe  
  103  6:28  Pylon  
  103  6:29  Pylon  
  103  6:31  Forge  
  104  6:37  Zealot x4  
  112  6:42  Pylon  
  112  6:47  Phoenix  
  112  6:52  Probe x2  
  112  6:53  Probe  
  117  6:55  Assimilator  
  117  6:58  Assimilator  
  117  6:59  Colossus (Chrono Boost)  
  123  7:09  Pylon  
  123  7:10  Zealot x4, Stargate  
  123  7:12  Probe  
  123  7:14  Protoss Ground Weapons Level 1 (Chrono Boost)  
  132  7:21  Phoenix  
  134  7:28  Probe x2, Photon Cannon  
  134  7:29  Shield Battery, Probe  
  137  7:36  Zealot x3  
  137  7:37  Zealot  
  145  7:46  Phoenix (Chrono Boost)  
  139  7:53  Observer  
  139  7:58  Zealot x5  
  144  8:04  Pylon  
  148  8:06  Pylon  
  148  8:07  Phoenix (Chrono Boost)  
  148  8:10  Phoenix (Chrono Boost)  
  140  8:16  Fleet Beacon  
  140  8:22  Zealot x4, Colossus (Chrono Boost)  
  154  8:36  Phoenix x2  
  154  8:38  Pylon  
  158  8:51  Nexus  
  158  8:54  Probe x3  
  161  8:56  Gateway  
  161  8:57  Gateway  
  161  8:59  Anion Pulse-Crystals (Chrono Boost)  
  161  9:00  Shield Battery  
  161  9:01  Phoenix  
  163  9:09  Pylon  
  163  9:10  Warp Prism (Chrono Boost), Pylon  
  163  9:14  Phoenix  
  167  9:25  Zealot x3  
  167  9:28  Phoenix  
  175  9:33  Zealot x2  
  174  9:43  Phoenix  
  173  9:47  Gateway  
  173  9:51  Probe x3  
  176  9:55  Zealot  
  176  9:58  Zealot x3  
  184  10:03  Probe  
  151  10:17  Zealot x4  
  151  10:19  Disruptor (Chrono Boost)  
  159  10:21  Zealot x3  
  159  10:24  Robotics Facility  
  159  10:28  Probe  
  167  10:40  Zealot x4  
  155  10:46  Zealot x3  
Show
View Real Time Build Order
Export as new Build Order

Spirit Terran 

Build Orders: Reaper Expand 

Get SALT Encoding   

  12  0:00  SCV  
  13  0:12  SCV  
  14  0:17  Supply Depot  
  14  0:24  SCV  
  15  0:38  SCV  
  15  0:40  Barracks  
  16  0:44  Refinery  
  16  0:50  SCV  
  17  1:03  SCV  
  18  1:15  SCV  
  19  1:27  Reaper  
  19  1:28  Orbital Command  
  20  1:39  Command Center  
  20  1:51  Bunker  
  21  1:54  SCV  
  21  1:58  Supply Depot  
  21  2:00  Marine  
  22  2:07  SCV  
  23  2:12  Factory  
  23  2:16  Refinery  
  23  2:21  SCV  
  24  2:24  Barracks Reactor  
  24  2:33  SCV  
  25  2:53  Orbital Command  
  25  2:54  SCV  
  25  2:57  Starport  
  28  3:01  Marine x2  
  28  3:03  Widow Mine  
  30  3:06  SCV  
  31  3:18  SCV, Marine  
  31  3:19  SCV, Marine  
  35  3:24  Widow Mine  
  37  3:30  SCV  
  37  3:32  SCV  
  39  3:34  Viking, Barracks  
  39  3:37  Supply Depot  
  41  3:41  Marine  
  41  3:42  SCV  
  41  3:43  Marine  
  41  3:44  SCV  
  41  3:48  Factory Tech Lab  
  45  3:54  SCV  
  46  3:59  Supply Depot, SCV  
  46  4:00  Marine  
  46  4:01  Marine  
  49  4:05  Medivac  
  49  4:06  SCV  
  49  4:08  Barracks  
  52  4:11  SCV  
  52  4:13  Engineering Bay  
  53  4:18  SCV  
  54  4:26  SCV, Marine x2  
  54  4:27  Supply Depot  
  54  4:30  SCV, Factory Tech Lab  
  54  4:31  Supply Depot  
  58  4:38  Stimpack  
  58  4:39  SCV  
  58  4:44  SCV  
  58  4:45  Terran Infantry Weapons Level 1  
  60  4:47  Refinery, Marauder  
  60  4:49  Starport Reactor  
  62  4:53  Missile Turret  
  62  4:54  SCV  
  62  4:58  Factory Reactor  
  62  4:59  Missile Turret  
  63  5:02  Refinery, Marine x2  
  63  5:03  SCV  
  63  5:06  Supply Depot  
  66  5:10  SCV  
  66  5:12  Combat Shield  
  67  5:14  Marauder  
  67  5:16  SCV, Marine  
  71  5:23  SCV  
  71  5:26  Marine x2  
  71  5:28  Medivac  
  76  5:34  Marauder  
  76  5:35  Supply Depot  
  78  5:36  Supply Depot, Marauder  
  78  5:38  Medivac  
  82  5:44  Marine  
  82  5:45  Widow Mine  
  85  5:52  Marine  
  85  5:56  Widow Mine, Marauder  
  88  5:57  Marauder  
  88  5:58  Medivac  
  88  6:02  Marine  
  93  6:08  Medivac  
  93  6:09  Marine  
  96  6:11  Command Center  
  96  6:14  Widow Mine  
  96  6:17  Supply Depot x2  
  96  6:18  Marauder  
  100  6:19  SCV, Marine  
  102  6:32  Medivac  
  102  6:36  SCV, Marine  
  102  6:38  Medivac, Marine x2  
  102  6:39  Widow Mine x2  
  110  6:44  Supply Depot x2, SCV  
  111  6:49  Terran Infantry Armor Level 1  
  111  6:51  Marauder  
  111  6:54  SCV, Marine  
  112  6:56  Marine  
  112  6:57  Marine  
  115  7:05  Widow Mine x2  
  119  7:10  SCV  
  119  7:11  SCV, Marine  
  119  7:13  Marauder  
  124  7:20  Marauder  
  126  7:23  Barracks  
  126  7:25  Barracks  
  126  7:26  SCV x2  
  128  7:32  Marine  
  128  7:34  Marauder  
  131  7:38  SCV  
  131  7:42  Marine  
  128  7:44  Marine  
  128  7:48  Viking x2  
  128  7:50  Marine  
  122  7:55  Marauder  
  122  7:57  Orbital Command  
  122  7:58  SCV x2  
  124  8:00  Marine  
  124  8:02  Marauder  
  126  8:08  Marine  
  126  8:10  SCV x2  
  126  8:11  Factory Tech Lab  
  126  8:18  Barracks Tech Lab x2  
  126  8:20  Viking x2  
  126  8:22  SCV x2  
  126  8:25  SCV  
  131  8:28  Marauder x2, Marine  
  136  8:34  SCV x2  
  136  8:37  SCV  
  137  8:42  Refinery  
  137  8:44  Armory  
  137  8:45  Ghost Academy  
  137  8:46  Engineering Bay, SCV x2  
  137  8:47  Refinery  
  137  8:48  Marauder x2  
  143  8:50  SCV  
  144  8:55  Supply Depot  
  144  8:56  Supply Depot  
  144  8:57  Viking x2  
  148  9:06  SCV  
  148  9:08  Starport  
  149  9:18  Ghost x2  
  149  9:23  Command Center  
  153  9:24  Ghost x2  
  153  9:29  Enhanced Shockwaves  
  155  9:31  Supply Depot  
  155  9:47  Marine  
  155  9:48  Marauder  
  158  9:54  Supply Depot, Marine  
  158  9:55  Supply Depot, Marauder  
  158  9:58  Viking  
  164  10:00  SCV x2  
  164  10:01  SCV  
  164  10:04  Missile Turret  
  164  10:07  Refinery x2  
  156  10:10  Marine  
  156  10:11  Marine  
  156  10:12  SCV  
  156  10:13  Marauder  
  148  10:15  Marauder, Marine  
  148  10:16  Marauder  
  146  10:28  Marine  
  146  10:29  Marine  
Tags
 
Add a new tag
Caveats
  • Supply blocks, unpowered buildings, or Contaminate may cause inaccurate times.
  • Supply counts are checked every 10 seconds.